 Dungeon Crawl Stone Soup version 0.24-a0-355-gbe4061de67 (console) character file.

Game seed: 13622475620807058377

85 Voker57 the Skirmisher (level 4, -6/37 HPs)
             Began as a Demonspawn Monk on May 24, 2019.
             Was a Priest of Yredelemnul.
             Killed from afar by an orc wizard (8 damage)
             ... with a magic dart
             ... on level 2 of the Dungeon.
             The game lasted 00:02:51 (2295 turns).

Voker57 the Skirmisher (Demonspawn Monk)            Turns: 2295, Time: 00:02:52

Health: -6/37      AC:  4    Str: 11 (12) XL:     4   Next: 25%
Magic:  0/4        EV: 13    Int: 10 (11) God:    Yredelemnul [***...]
Gold:   131        SH:  3    Dex: 15 (16) Spells: 3/3 levels left

rFire    + . .     SeeInvis .   a - +1 falchion
rCold    . . .     Gourm    .   k - +0 buckler
rNeg     . . .     Faith    .   b - +0 robe
rPois    .         Spirit   +   (no helmet)
rElec    .         Reflect  .   d - scarf {cloud immunity}
rCorr    .         Harm     .   (no gloves)
MR       .....                  (no boots)
Stlth    ++........             (no amulet)
HPRegen  0.12/turn              h - ring of protection from fire
MPRegen  0.09/turn              (no ring)

@: no status effects
A: yellow scales 1, magic shield, rot immunity
a: Recall Undead Slaves, Injury Mirror, Animate Dead, Renounce Religion


You were on level 2 of the Dungeon.
You worshipped Yredelemnul.
Yredelemnul was most pleased with you.
You were hungry.

You visited 1 branch of the dungeon, and saw 3 of its levels.

You collected 131 gold pieces.

Inventory:

Hand Weapons
 a - a +1 falchion (weapon)
 g - a +0 spear
Armour
 b - a +0 robe (worn)
 d - a scarf of cloud immunity (worn)
 k - a +0 buckler (worn)
Jewellery
 h - a ring of protection from fire (left hand)
Scrolls
 e - 2 scrolls of teleportation
 i - 2 scrolls of identify
 l - a scroll of remove curse
Potions
 f - a potion of brilliance
 j - a potion of degeneration
Comestibles
 c - 2 rations


   Skills:
 + Level 4.1 Fighting
 - Level 2.6 Long Blades
 + Level 3.8 Dodging
 - Level 1.7 Stealth
 + Level 0.1 Shields


You had 3 spell levels left.
You didn't know any spells.
Your spell library was empty.

Dungeon Overview and Level Annotations

Branches:
Dungeon (3/15)

Altars:
Yredelemnul


Innate Abilities, Weirdness & Mutations

You are partially covered in yellow scales. (AC +2)
When hurt, damage is shared between your health and your magic reserves.
You are immune to rotting.


Message History

The orc wizard casts a spell at you. The magic dart hits you.
* * * LOW HITPOINT WARNING * * *
The orc wizard hits you but does no damage.
You hit the orc wizard.
The orc wizard is severely wounded.
The orc wizard casts a spell.
The orc wizard seems to speed up.
You hit the orc wizard but do no damage.
The orc wizard is severely wounded.
The orc wizard hits you with a +0 dagger.
* * * LOW HITPOINT WARNING * * *
The orc wizard casts a spell at you. You resist with some effort.
You hit the orc wizard.
The orc wizard is almost dead.
The orc wizard casts a spell at you. The magic dart hits you!
You die...
Your body rises from the dead as a mindless zombie.

#####.....# #.# #..# #.
##....###.#######.#####
#..# #. ##....#
#......##.)...# #<.# #.
##....###.####.######.#
#..# #.
...#......###...##
#.####.#####.
##...##.####.###[##
#............
######.##...# #..#
######.######
#.##.#.###..# #.#
#.##.##...#.########.#
#.##.###.o@..........#
#.##.# ####.########.#
#.##.# #.# #.#
#.##.######># #.#
#.##........########.#
#.####.........[.....#
###.####.###############
#........# #.#.######
#.#.#


You could see an orc wizard.

Vanquished Creatures
  2 adders (D:2)
  An ooze (D:1)
  A worm (D:2)
  2 leopard geckos
  2 orcs
  A ball python (D:1)
  5 giant cockroaches
  5 goblins
  6 hobgoblins
  4 jackals (D:1)
  A quokka (D:2)
  6 bats
  6 frilled lizards
  7 kobolds
  A leopard gecko skeleton (D:2)
  4 rats
54 creatures vanquished.

Notes
Turn   | Place    | Note
-------+----------+-------------------------------------------
     0 | D:1      | Voker57 the Demonspawn Monk began the quest for the Orb.
     0 | D:1      | Reached XP level 1. HP: 18/18 MP: 1/1
   529 | D:1      | Gained mutation: When hurt, damage is shared between your
                  | health and your magic reserves. [demonic ancestry]
   529 | D:1      | Reached XP level 2. HP: 24/24 MP: 2/2
  1042 | D:1      | Gained mutation: You are partially covered in yellow
                  | scales. (AC +2) [demonic ancestry]
  1042 | D:1      | Reached XP level 3. HP: 27/29 MP: 3/3
  1318 | D:2      | Found a faded altar of an unknown god.
  1370 | D:2      | Became a worshipper of Yredelemnul the Dark
  1370 | D:2      | Reached * piety under Yredelemnul
  1370 | D:2      | Reached ** piety under Yredelemnul
  1614 | D:2      | Reached *** piety under Yredelemnul
  1668 | D:2      | Reached skill level 4 in Fighting
  1937 | D:2      | Gained mutation: You are immune to rotting. [demonic
                  | ancestry]
  1937 | D:2      | Reached XP level 4. HP: 36/37 MP: 4/4
  2294 | D:2      | HP: 1/37 [orc wizard/+0 dagger (4)]
  2295 | D:2      | Killed from afar by an orc wizard

Levels and vault maps discovered:
D:1:      elethiomel_arrival_maze, layout_basic
D:2:      layout_loops_ring, chequers_ecumenical_altar_simple, hex_tiny
D:3:      layout_rooms, nicolae_gozag_seed_capital, first_ration, uniq_robin

Skill      XL: |  1  2  3 |
---------------+----------+-----
Dodging        | 3 |  3.8
Fighting       | 4 |  4.1
Long Blades    | |  2.6
Stealth        | |  1.7
Shields        | |  0.1

Action                   |  1- 3 |  4- 6 || total
-------------------------+-------+-------++-------
Melee: Falchion          |   152 |    37 ||   189
  Use: Scroll            |     8 |     1 ||     9
       Potion            |     1 |     1 ||     2
 Stab: Sleeping          |     6 |     1 ||     7
  Eat: Chunk             |     3 |     1 ||     4
Armor: Robe              |    23 |     6 ||    29
Dodge: Dodged            |   135 |    28 ||   163
Block: Buckler           |       |    10 ||    10
       Rpst.: Falchion   |    43 |    11 ||    54

Table legend:
 A = Non-vault XP
 B = Vault XP
 C = Vault XP percentage of total XP
 D = Non-vault monster count
 E = Vault monster count
 F = Vault count percentage of total count
                 A         B        C        D         E       F
            +---------+---------+-------+---------+---------+-------
      Total |     122 |       0 |   0.0 |      54 |       0 |   0.0
            +---------+---------+-------+---------+---------+-------
        D:1 |      49 |       0 |   0.0 |      25 |       0 |   0.0
        D:2 |      62 |       0 |   0.0 |      23 |       0 |   0.0
        D:3 |      11 |       0 |   0.0 |       6 |       0 |   0.0
            +---------+---------+-------+---------+---------+-------
